 Dungeon Crawl Stone Soup version 0.30.0-19-g36f170ea60 (webtiles) character file.

Game seed: 16568240595128834203

70 MacCMillion the Covered (level 4, 0/35 HPs)
             Began as a Formicid Fighter on May 31, 2023.
             Constricted to death by Ijyb (5 damage)
             ... on level 3 of the Dungeon.
             The game lasted 00:03:12 (1400 turns).

MacCMillion the Covered (Formicid Fighter)          Turns: 1400, Time: 00:03:12

Health: 0/35       AC: 13    Str: 23    XL:     4   Next: 45%
Magic:  4/4        EV:  3    Int:  7    God:
Gold:   90         SH:  5    Dex: 13    Spells: 3/3 levels left

rFire   . . .        a - +0 war axe
rCold   . . .        c - +0 buckler
rNeg    . . .        i - +0 plate armour
rPois   .            (helmet unavailable)
rElec   .            (no cloak)
rCorr   .            (no gloves)
SInv    +            r - +0 pair of boots
Will    .....        (no amulet) Stlth
                     (no ring)
HPRegen 0.25/turn    (no ring)
MPRegen 0.09/turn

%: no passive effects
@: grasped by roots, constricted
A: permanent stasis, dig shafts and tunnels, antennae 3, four strong arms
a: Dig, Shaft Self


You were on level 3 of the Dungeon.
You visited 1 branch of the dungeon, and saw 3 of its levels.

You collected 123 gold pieces.
You spent 33 gold pieces at shops.

Inventory:

Hand Weapons
 a - a +0 war axe (weapon)
Missiles
 l - 6 poisoned darts
Armour
 b - a +0 scale mail
 c - a +0 buckler (worn)
 i - a +0 plate armour (worn)
 r - a +0 pair of boots (worn)
Scrolls
 f - 2 scrolls of amnesia {unknown}
 h - a scroll of vulnerability {unknown}
 m - 2 scrolls of fear {unknown}
 n - a scroll of identify {unknown}
 q - a scroll of teleportation {unknown}
Potions
 d - a potion of might
 e - a potion of flight {unknown}
 g - a potion of resistance {unknown}
 j - 3 potions of curing
 k - a potion of mutation {unknown}
 o - 2 potions of heal wounds {unknown}
 p - a potion of attraction {unknown}


   Skills:
 - Level 3.2 Fighting
 + Level 3.2 Axes
 - Level 4.4 Armour
 - Level 4.2 Shields


You had 3 spell levels left.
You didn't know any spells.
Your spell library contained the following spells:

 Spells                   Type           Power      Damage    Failure   Level
 Ozocubu's Armour         Ice            0%         N/A       100%        3
 Metabolic Englaciation   Hex/Ice        0%         N/A       100%        5
 Simulacrum               Ice/Necr       0%         N/A       100%        6


Dungeon Overview and Level Annotations

Branches:
Dungeon (3/15)

Altars:

Shops:
D:1 !

Annotations:
D:3 Ijyb, Sigmund


Innate Abilities, Weirdness & Mutations

You cannot be hasted, slowed, berserked, paralysed or teleported.
You can dig through walls and to a lower floor.
You have a pair of large antennae on your head. (SInv)
Your four strong arms can wield two-handed weapons with a shield.


Message History

The grasping roots release their grip on you.
You barely miss Ijyb. Ijyb barely misses you.
You slash Ijyb!
Ijyb is heavily wounded.
Ijyb zaps a wand.
The roots erupt in riotous growth!
The grasping roots grab you!
Ijyb is unaffected.
The grasping roots constrict you.
You hit Ijyb.
Ijyb is heavily wounded.
Ijyb hits you but does no damage. The grasping roots constrict you.
Ijyb hits you with a +0 dagger. The grasping roots constrict you.
You closely miss Ijyb.
Ijyb is heavily wounded.
Ijyb hits you but does no damage. The grasping roots constrict you.
* * * LOW HITPOINT WARNING * * *
The grasping roots release their grip on you.
You closely miss Ijyb.
Ijyb is heavily wounded.
Ijyb zaps a wand.
The roots erupt in riotous growth!
The grasping roots grab you!
Ijyb is unaffected.
The grasping roots constrict you.
* * * LOW HITPOINT WARNING * * *
A dart slug comes into view.
Ijyb hits you but does no damage. The grasping roots constrict you.
You completely miss Ijyb.
Ijyb is heavily wounded.
Ijyb hits you but does no damage. The grasping roots constrict you.
The dart slug launches a dart at you.
The slug dart hits you but does no damage.
The grasping roots release their grip on you.
You barely miss Ijyb.
Ijyb is heavily wounded.
Ijyb hits you but does no damage. x2
You barely miss Ijyb.
Ijyb is heavily wounded.
Ijyb zaps a wand.
The roots erupt in riotous growth!
The grasping roots grab you!
The dart slug is unaffected.
Ijyb is unaffected.
The grasping roots constrict you.
You die...

#.. # #.. .#
#..####. ##..#...
....$..#
.#####....#
.........w###.#
..........@g..#
######...###.##
.........# #
#.#########..###.#
#................#
####.......#.###
#.#######.# #.# #
#.#


You could see Ijyb and a dart slug.

Vanquished Creatures
  Jessica (D:2)
  A worm (D:2)
  5 bats
  4 endoplasms
  3 giant cockroaches
  4 goblins (D:1)
  3 hobgoblins
  4 jackals (D:2)
  3 quokkas
  A ball python (D:2)
  A frilled lizard (D:1)
  5 kobolds
  3 rats
38 creatures vanquished.

Notes
Turn   | Place    | Note
-------+----------+-------------------------------------------
     0 | D:1      | MacCMillion the Formicid Fighter began the quest for the
                  | Orb.
     0 | D:1      | Reached XP level 1. HP: 18/18 MP: 1/1
    76 | D:1      | Reached XP level 2. HP: 24/24 MP: 2/2
   276 | D:1      | Found Reniucud's Distillery.
   316 | D:1      | Bought a potion of curing for 33 gold pieces
   512 | D:1      | Reached XP level 3. HP: 27/29 MP: 3/3
   643 | D:2      | Found a faded altar of an unknown god.
   717 | D:2      | Noticed Jessica
   751 | D:2      | Killed Jessica
   752 | D:2      | Reached XP level 4. HP: 30/35 MP: 4/4
  1275 | D:3      | Noticed Sigmund
  1388 | D:3      | Noticed Ijyb
  1400 | D:3      | Constricted to death by Ijyb

Illustrated notes

Levels and vault maps discovered:
D:1:      evilmike_arrival_crescent, layout_rooms, serial_shops,
          nicolae_shop_tiny_glass
D:2:      layout_rooms, basic_ecumenical_altar, uniq_jessica
D:3:      layout_loops_ring, uniq_sigmund, uniq_ijyb

Skill      XL: |  1  2  3 |
---------------+----------+-----
Armour         | 4 |  4.4
Axes           | 3 |  3.2
Fighting       | |  3.2
Shields        | |  4.2

Action                     |  1- 3 |  4- 6 || total
---------------------------+-------+-------++-------
  Melee: War axe           |    86 |    27 ||   113
 Armour: Scale mail        |     7 |       ||     7
         Plate armour      |    50 |    18 ||    68
  Dodge: Dodged            |    28 |     3 ||    31
  Block: Buckler           |    27 |     1 ||    28
